 Dungeon Crawl Stone Soup version 0.20-a0-939-g04f5055 (webtiles) character file.

9259 Lifeless the Carver (level 11, -35/84 HPs)
             Began as a Human Fighter on Mar 30, 2017.
             Was a Believer of the Shining One.
             Killed from afar by an ice dragon (54 damage)
             ... with a blast of cold
             ... on level 9 of the Dungeon.
             The game lasted 01:15:51 (13684 turns).

Lifeless the Carver (Human Fighter)                Turns: 13684, Time: 01:15:52

Health: -35/84     AC: 27    Str: 21    XL:     11   Next: 71%
Magic:  11/11      EV:  5    Int:  8    God:    the Shining One [**....]
Gold:   936        SH: 18    Dex: 15    Spells: 10/10 levels left

rFire    . . .     SeeInvis .   j - +3 scimitar (holy)
rCold    . . .     Gourm    .   M - +2 large shield
rNeg     + . .     Faith    .   x - +0 plate armour
rPois    .         Spirit   .   (no helmet)
rElec    .         Reflect  .   o - +0 cloak
rCorr    .         Harm     .   C - +2 pair of gloves {Str+3}
MR       .....                  (no boots)
Stlth    ..........             (no amulet)
Regen    0.3/turn               h - +4 ring of protection
MPRegen  0.2/turn               u - +6 ring of protection

@: glowing
A: no striking features
a: Divine Shield, Renounce Religion


You were on level 9 of the Dungeon.
You worshipped the Shining One.
The Shining One was pleased with you.
You were not hungry.

You visited 2 branches of the dungeon, and saw 12 of its levels.

You collected 1219 gold pieces.
You spent 283 gold pieces at shops.

Inventory:

Hand Weapons
 j - a +3 scimitar of holy wrath (weapon)
Missiles
 b - 4 silver tomahawks
 s - 12 tomahawks
 y - 7 javelins of penetration (quivered)
 H - 6 silver javelins
 I - a throwing net
Armour
 g - the +0 buckler "Haxtet" {+Blink rPois Int+5 Stlth+}
   (You found it on level 5 of the Dungeon)

   It affects your intelligence (+5).
   It protects you from poison.
   It lets you blink.
   It makes you more stealthy.
 o - a +0 cloak (worn)
 x - a +0 plate armour (worn)
 C - a +2 pair of gloves of strength (worn)
 M - a +2 large shield (worn)
Jewellery
 h - a +4 ring of protection (left hand)
 t - an uncursed ring of ice
 u - a +6 ring of protection (right hand)
Wands
 d - a wand of flame (0/48)
 i - a wand of lightning (8/15)
 K - a wand of polymorph (0/24)
Scrolls
 e - 2 scrolls of amnesia
 r - 2 scrolls of enchant armour
 w - 6 scrolls of identify
Potions
 c - 2 potions of lignification {unknown}
 k - 2 potions of curing
 l - 2 potions of invisibility {unknown}
 m - a potion of brilliance {unknown}
 A - 2 potions of ambrosia {unknown}
 B - a potion of cancellation {unknown}
 D - a potion of agility {unknown}
 F - a potion of haste {unknown}
 L - 2 potions of degeneration {unknown}
Comestibles
 f - 6 bread rations
 n - 7 meat rations


   Skills:
 + Level 7.5 Fighting
 + Level 12.2 Long Blades
 + Level 1.8 Throwing
 + Level 6.8 Armour
 + Level 4.8 Dodging
 + Level 1.3 Stealth
 + Level 7.0 Shields
 + Level 0.8 Unarmed Combat
 + Level 0.4 Invocations
 + Level 0.4 Evocations


You had 10 spell levels left.
You didn't know any spells.

Dungeon Overview and Level Annotations

Branches:
Dungeon (11/15)            Temple (1/1) D:4             Orc (0/2) D:11
   Lair: D:8-11

Altars:
Ashenzari
Cheibriados
Dithmenos
Elyvilon
Fedhas
Gozag
Hepliaklqana
Kikubaaqudgha
Makhleb
Nemelex Xobeh
Okawaru
Qazlal
Ru
Sif Muna
Trog
Uskayaw
Vehumet
Wu Jian
Xom
Yredelemnul
Zin
The Shining One

Shops:
D:7 *


Message History

You block the ice dragon's attack.
Evoke which item? (* to show all) (? for menu, Esc to quit)
Aiming: Polymorph (will waste charges)
Press: ? - help, Shift-Dir - straight line, f/p - ice dragon
Aim: an ice dragon (haloed, chance to defeat MR: 29%) Nothing appears to happen.
The ice dragon breathes frost at you. The blast of cold hits you!
* * * LOW HITPOINT WARNING * * *
The ice dragon breathes frost at you. The blast of cold hits you!
* * * LOW HITPOINT WARNING * * *
The ice dragon breathes frost at you. The blast of cold hits you!
As you read the scroll labeled ERROAH FEOTWU, it crumbles to dust.
You feel momentarily disoriented.
It was a scroll of magic mapping.
The ice dragon breathes frost at you. The blast of cold hits you!
Ouch! That really hurt!
You die...

#######
#####.....### ####
#...........###..#
................##
.............#..#
............###D##
..........### #..#
.>......### ##.#
#......## #@##
##...### ### #..#
##### ###.## ##.#
##....## #.##
###......## #..#
##.........####.#
#...........###.##
#####
##..........##...##
#...#
#................##
#...#


You could see an ice dragon.

Vanquished Creatures
  The ghost of Ratty the Cleaver, a journeyman MiBe of Trog (D:9)
  2 two-headed ogres
  Pikel (D:4)
  A cyclops (D:8)
  Psyche (D:10)
  A hornet (D:9)
  2 hippogriffs
  A wyvern (D:9)
  2 yaks (D:10)
  A hungry ghost (D:7)
  Grum (D:10)
  The ghost of Azzok the Firebug, an amateur DEFE (D:4)
  3 orc warriors
  4 slaves
  A phantom (D:8)
  3 black bears
  5 ice beasts
  4 ogres
  5 centaurs
  4 wolves (D:10)
  2 big kobolds
  7 bullfrogs
  2 scorpions
  A wyvern skeleton (D:9)
  9 killer bees (D:8)
  2 howler monkeys
  A centaur zombie (D:8)
  6 crimson imps
  3 bullfrog zombies
  8 orc priests
  3 hounds (D:7)
  2 bullfrog skeletons
  3 centaur skeletons
  2 jellies
  An iguana (D:8)
  4 orc wizards
  13 worker ants
  A hound zombie (D:7)
  9 adders
  A shadow imp (D:8)
  2 adder zombies
  2 worms
  4 dart slugs
  5 leopard geckos
  22 orcs
  A ball python (D:4)
  5 giant cockroaches
  11 goblins
  5 hobgoblins
  14 jackals
  5 kobolds
  4 quokkas
  4 bats
  7 frilled lizards
  A leopard gecko skeleton (D:5)
  A quokka skeleton (D:5)
  7 rats
224 creatures vanquished.

Vanquished Creatures (others)
  13 fungi (D:10)
  2 plants (D:10)
15 creatures vanquished.

Grand Total: 239 creatures vanquished

Notes
Turn   | Place    | Note
-------+----------+-------------------------------------------
     0 | D:1      | Lifeless the Human Fighter began the quest for the Orb.
     0 | D:1      | Reached XP level 1. HP: 18/18 MP: 1/1
    27 | D:1      | Reached XP level 2. HP: 24/24 MP: 2/2
   203 | D:1      | Reached XP level 3. HP: 23/29 MP: 3/3
   663 | D:2      | Reached XP level 4. HP: 35/35 MP: 4/4
  1175 | D:3      | Reached skill level 3 in Long Blades
  1327 | D:3      | Reached skill level 1 in Dodging
  1648 | D:3      | Reached XP level 5. HP: 35/41 MP: 5/5
  2062 | D:3      | Found a deep blue altar of Sif Muna.
  2062 | D:3      | Found a bloodstained altar of Trog.
  2197 | D:4      | Noticed a slave
  2200 | D:4      | Noticed Pikel
  2493 | D:4      | Noticed a slave
  2493 | D:4      | Noticed a slave
  2495 | D:4      | Noticed a slave
  2527 | D:4      | Killed a slave
  2566 | D:3      | Killed a slave
  2662 | D:3      | Killed a slave
  2734 | D:4      | Killed a slave
  2792 | D:4      | Reached XP level 6. HP: 32/47 MP: 6/6
  2897 | D:4      | Noticed Azzok's ghost (amateur DEFE)
  3044 | D:4      | Killed Azzok's ghost
  3044 | D:4      | Reached skill level 4 in Long Blades
  3101 | D:4      | Killed Pikel
  3101 | D:4      | Reached skill level 5 in Long Blades
  3101 | D:4      | Reached XP level 7. HP: 41/54 MP: 7/7
  3101 | D:4      | Reached XP level 8. HP: 45/60 MP: 8/8
  3417 | D:4      | Found a burning altar of Makhleb.
  3418 | D:4      | Found a radiant altar of Vehumet.
  3633 | D:4      | Found a staircase to the Ecumenical Temple.
  3633 | D:4      | Noticed a two-headed ogre
  3643 | Temple   | Entered the Ecumenical Temple
  3797 | Temple   | Became a worshipper of the Shining One
  4607 | D:5      | Entered Level 5 of the Dungeon
  4691 | D:5      | Reached skill level 5 in Armour
  4795 | D:5      | Reached skill level 5 in Shields
  5399 | D:5      | Reached skill level 6 in Long Blades
  5428 | D:5      | Got a crude buckler
  5450 | D:5      | Identified the cursed +0 buckler "Haxtet" {+Blink rPois Int+5 Stlth+} (You found it on level 5 of the Dungeon)
  5829 | D:5      | Reached * piety under the Shining One
  6328 | D:6      | Reached XP level 9. HP: 66/66 MP: 9/9
  6379 | D:6      | Reached skill level 7 in Long Blades
  7018 | D:6      | Reached skill level 5 in Fighting
  7161 | D:6      | Found a shadowy altar of Dithmenos.
  7311 | D:7      | Found Awemoso's Assorted Antiques.
  7329 | D:7      | Bought a pair of runed gloves for 202 gold pieces
  7356 | D:7      | Reached skill level 8 in Long Blades
  7432 | D:7      | Paralysed by fainting for 7 turns
  7503 | D:7      | Found an ancient bone altar of Kikubaaqudgha.
  7782 | D:7      | Found a white marble altar of Elyvilon.
  7944 | D:7      | Found a white marble altar of Elyvilon.
  8403 | D:8      | Reached skill level 9 in Long Blades
  8423 | D:8      | Reached ** piety under the Shining One
  8440 | D:8      | Reached XP level 10. HP: 76/76 MP: 10/10
  8466 | D:8      | Noticed a two-headed ogre
  8477 | D:8      | Killed a two-headed ogre
  8477 | D:8      | Reached skill level 10 in Long Blades
  8477 | D:8      | Reached skill level 1 in Throwing
  8477 | D:8      | Reached skill level 1 in Stealth
  8518 | D:8      | Noticed a cyclops
  8539 | D:8      | Killed a cyclops
  9908 | D:9      | Noticed Ratty's ghost (journeyman MiBe)
 10363 | D:9      | Paralysed by a hornet for 1 turns
 10366 | D:9      | Reached skill level 11 in Long Blades
 11070 | D:8      | Reached XP level 11. HP: 36/83 MP: 11/11
 12528 | D:7      | Bought a scroll of remove curse for 81 gold pieces
 12721 | D:9      | Killed Ratty's ghost
 12829 | D:10     | Entered Level 10 of the Dungeon
 12829 | D:10     | Noticed a two-headed ogre
 12845 | D:10     | Found a stormy altar of Qazlal.
 12918 | D:10     | Killed a two-headed ogre
 12982 | D:10     | Noticed Psyche
 13024 | D:10     | Reached skill level 12 in Long Blades
 13041 | D:10     | Killed Psyche
 13275 | D:10     | Noticed Grum
 13285 | D:10     | Killed Grum
 13336 | D:10     | Noticed a four-headed hydra
 13529 | D:11     | Identified a scroll of acquirement
 13582 | D:11     | Found a staircase to the Orcish Mines.
 13661 | D:9      | Noticed an ice dragon
 13661 | D:9      | a ten-headed hydra changed into an ice dragon
 13684 | D:9      | Killed from afar by an ice dragon

Vault maps used:
D:1:      mrwooster_arrival_statue
D:2:      first_bread, st_stairs_3
D:3:      gammafunk_temple_overflow_wave
D:4:      grunt_temple_overflow_lords_of_destruction,
          minmay_temple_entry_statues_fountains,
          hangedman_decor_clover_reticule, chei_slow_surprise, uniq_pikel
D:5:      supply_closet_lemuel
D:6:      kennysheep_mini
D:7:      lemuel_doored_altar, kennysheep_little_box, serial_shops,
          nicolae_shop_stone, grunt_ogre_cave, elyvilon_altar_5
D:8:      minmay_ornate_pinched, minmay_misc_feat_doors
D:10:     grunt_lair_entry_orc_guard_hut, enter_bailey_3, basic_altar,
          uniq_psyche, uniq_grum
D:11:     kennysheep_orc_monster_closet_entryway
Temple:   regret_index_temple_generic_petals

Skill      XL: |  1  2  3  4  5  6  7  8  9 10 11 |
---------------+----------------------------------+-----
Long Blades    | 3 5 6 9 11 12 | 12.2
Dodging        | 1 2 3 4 |  4.8
Armour         | 4 5 6 |  6.8
Shields        | 4 5 6 7 |  7.0
Fighting       | 4 5 6 7 |  7.5
Throwing       | 1 |  1.8
Stealth        | 1 |  1.3
Unarmed Combat | |  0.8
Invocations    | |  0.4
Evocations     | |  0.4

Action                   |  1- 3 |  4- 6 |  7- 9 | 10-12 || total
-------------------------+-------+-------+-------+-------++-------
Melee: Long sword        |    77 |   238 |   347 |   500 ||  1162
       Scimitar          |       |       |       |    29 ||    29
       Unarmed           |       |       |       |    15 ||    15
Throw: Tomahawk          |     8 |    11 |     1 |    12 ||    32
Invok: Divine Shield     |       |       |       |     6 ||     6
 Abil: Evoke Blink       |       |       |     1 |       ||     1
Evoke: Wand              |       |       |       |     5 ||     5
  Use: Scroll            |       |     5 |    15 |     9 ||    29
       Potion            |       |     3 |       |       ||     3
  Eat: Chunk             |       |     5 |     4 |     4 ||    13
       Royal jelly       |       |     1 |     2 |       ||     3
       Fruit             |       |       |     5 |     5 ||    10
       Bread ration      |       |       |     2 |       ||     2
       Meat ration       |       |       |       |     2 ||     2
Armor: Chain mail        |    39 |    35 |       |       ||    74
       Scale mail        |     3 |       |       |       ||     3
       Leather armour    |       |     7 |       |       ||     7
       Ring mail         |       |    34 |   115 |    63 ||   212
       Plate armour      |       |       |       |   108 ||   108
Dodge: Dodged            |    17 |    73 |   143 |   139 ||   372
Block: Shield            |    40 |   130 |    59 |       ||   229
       Buckler           |       |       |    55 |    59 ||   114
       Large shield      |       |       |       |   178 ||   178
       Other             |       |       |       |     1 ||     1
       Rpst.: Long sword |     5 |    25 |    45 |    44 ||   119
